 Dungeon Crawl Stone Soup version 0.23.2-1-ga50397a6bc (webtiles) character file.

Game seed: 0

91 JustUnreal the Covered (level 4, 0/29 HPs)
             Began as a Gargoyle Fighter on Mar 12, 2019.
             Slain by Natasha (1 damage)
             ... on level 2 of the Dungeon on May 3, 2019.
             The game lasted 00:06:12 (1082 turns).

JustUnreal the Covered (Gargoyle Fighter)           Turns: 1082, Time: 00:06:12

Health: 0/29       AC: 15    Str: 20    XL:     4   Next: 59%
Magic:  4/4        EV:  5    Int: 14    God:
Gold:   116        SH:  9    Dex:  9    Spells: 3/3 levels left

rFire    . . .     SeeInvis .   a - +0 flail
rCold    + . .     Gourm    .   c - +0 shield
rNeg     + . .     Faith    .   i - +2 chain mail {rC+}
rPois    ∞         Spirit   .   (no helmet)
rElec    +         Reflect  .   (no cloak)
rCorr    .         Harm     .   (no gloves)
MR       .....                  (no boots)
Stlth    ..........             (no amulet)
HPRegen  0.09/turn              (no ring)
MPRegen  0.09/turn              (no ring)

@: brilliant
A: negative energy resistance 1, electricity resistance, unbreathing,
petrification resistance, rot immunity, AC +3
a: no special abilities


You were on level 2 of the Dungeon.
You were not hungry.

You visited 1 branch of the dungeon, and saw 2 of its levels.

You collected 116 gold pieces.

Inventory:

Hand Weapons
 a - a +0 flail (weapon)
Armour
 b - a +0 scale mail
 c - a +0 shield (worn)
 i - a +2 chain mail of cold resistance (worn)
Scrolls
 e - 2 scrolls of random uselessness {unknown}
 g - a scroll of blinking
 h - a scroll of enchant weapon {unknown}
Potions
 d - a potion of might
Comestibles
 f - 6 rations


   Skills:
 + Level 3.7 Fighting
 + Level 3.3 Maces & Flails
 + Level 3.9 Armour
 + Level 0.3 Dodging
 + Level 3.8 Shields


You had 3 spell levels left.
You didn't know any spells.
Your spell library was empty.

Dungeon Overview and Level Annotations

Branches:
Dungeon (2/15)

Altars:

Annotations:
D:2 Natasha


Innate Abilities, Weirdness & Mutations

You are resistant to torment.
Your stone body is resilient. (AC +3)
You are immune to poison.
You resist negative energy. (rN+)
You are resistant to electric shocks. (rElec)
You can survive without breathing.
You are immune to petrification.
You are immune to rotting.


Message History

Natasha is moderately wounded.
The crimson imp hits you but does no damage.
You block Natasha's attack.
You miss Natasha.
Natasha is moderately wounded.
The crimson imp hits you but does no damage.
Natasha claws you but does no damage.
You closely miss Natasha.
Natasha is moderately wounded.
The crimson imp hits you but does no damage.
Natasha claws you but does no damage.
The crimson imp blinks!
Natasha barely misses you.
You closely miss Natasha.
Natasha is moderately wounded.
The crimson imp disappears in a puff of smoke!
Natasha claws you but does no damage.
You closely miss Natasha.
Natasha is moderately wounded.
Natasha claws you.
You die...

............##
........>..$#
............#
............#
.........## .........#
#.......# ###......§###
#########....@h......
..........#.....#.###
##........###.....
....##.###.#.....##
#####..# #.....#.###.#
#####..####.###........
........................
###.######.............
# #...........# .


You could see Natasha.

Vanquished Creatures
  4 gnolls
  An adder (D:2)
  4 dart slugs (D:1)
  A leopard gecko (D:1)
  A ball python (D:1)
  A giant cockroach (D:1)
  4 goblins (D:1)
  2 hobgoblins (D:1)
  7 jackals
  2 bats (D:1)
  A frilled lizard (D:1)
  3 kobolds (D:1)
  6 rats (D:1)
37 creatures vanquished.

Notes
Turn   | Place    | Note
-------+----------+-------------------------------------------
     0 | D:1      | JustUnreal the Gargoyle Fighter began the quest for the
                  | Orb.
     0 | D:1      | Reached XP level 1. HP: 14/14 MP: 1/1
   144 | D:1      | Reached XP level 2. HP: 16/19 MP: 2/2
   260 | D:1      | Reached XP level 3. HP: 24/24 MP: 3/3
   317 | D:1      | Upgraded the game from 0.23.1 to 0.23.2-1-ga50397a6bc
   750 | D:1      | Reached XP level 4. HP: 14/29 MP: 4/4
  1055 | D:2      | Noticed Natasha
  1076 | D:2      | HP: 1/29 [Natasha/magic dart (2)]
  1082 | D:2      | Slain by Natasha

Skill      XL: |  1  2  3 |
---------------+----------+-----
Maces & Flails | 3 |  3.3
Fighting       | |  3.7
Armour         | |  3.9
Dodging        | |  0.3
Shields        | |  3.8

Action                   |  1- 3 |  4- 6 || total
-------------------------+-------+-------++-------
Melee: Flail             |   112 |    76 ||   188
  Use: Scroll            |     3 |       ||     3
       Potion            |       |     1 ||     1
  Eat: Chunk             |       |     1 ||     1
Armor: Scale mail        |    65 |       ||    65
       Chain mail        |    19 |    65 ||    84
Dodge: Dodged            |    30 |    23 ||    53
Block: Shield            |    69 |    40 ||   109
